 Dungeon Crawl Stone Soup version 0.28-a0-1506-g3893175d92 (webtiles) character file.

Game seed: 17673133477180782419

1512 comborobin the Twirler (level 8, -6/64 HPs)
             Began as a Mummy Delver on Jan 14, 2022.
             Mangled by Edmund (11 damage)
             ... on level 4 of the Dungeon.
             The game lasted 00:04:15 (3092 turns).

comborobin the Twirler (Mummy Delver)               Turns: 3092, Time: 00:04:15

Health: -6/64      AC:  3    Str: 17    XL:     8   Next: 53%
Magic:  8/8        EV: 11    Int: 10    God:
Gold:   58         SH:  0    Dex: 13    Spells: 7/7 levels left

rFire   x . .      SeeInvis .   g - +0 quarterstaff (speed)
rCold   + . .      Faith    .   (shield currently unavailable)
rNeg    + + +      Spirit   .   b - +0 leather armour
rPois   ∞          Reflect  .   (no helmet)
rElec   .          Harm     .   (no cloak)
rCorr   .          Rampage  .   (no gloves)
Will    +....                   (no boots)
Stlth   ++........              (no amulet)
HPRegen 0.20/turn               (no ring)
MPRegen 0.11/turn               (no ring)

@: no status effects
A: cold resistance 1, negative energy resistance 3, torment resistance 2, heat
vulnerability 1, no potions
a: no special abilities


You were on level 4 of the Dungeon.
You visited 1 branch of the dungeon, and saw 4 of its levels.

You collected 58 gold pieces.

Inventory:

Hand Weapons
 a - a +0 mace
 g - a +0 quarterstaff of speed (weapon)
Missiles
 f - a datura-tipped dart (quivered)
Armour
 b - a +0 leather armour (worn)
Wands
 h - a wand of iceblast (1)
Scrolls
 c - a scroll of fog


   Skills:
 + Level 6.2 Fighting
 - Level 1.7(5.0) Maces & Flails
 * Level 7.5(7.6) Staves
 - Level 1.7 Dodging
 - Level 4.1 Stealth


You had 7 spell levels left.
You didn't know any spells.
Your spell library contained the following spells:

 Spells                   Type           Power      Damage    Failure   Level
 Blink                    Tloc           0%         N/A       56%         2
 Portal Projectile        Hex/Tloc       0%         N/A       80%         3
 Excruciating Wounds      Necr           0%         N/A       100%        5
 Manifold Assault         Tloc           0%         N/A       100%        5
 Summon Hydra             Summ           0%         N/A       100%        7
 Sublimation of Blood     Necr           Unusable   N/A       N/A         2
 Wereblood                Tmut           Unusable   N/A       N/A         2
 Blade Hands              Tmut           Unusable   N/A       N/A         5
 Storm Form               Tmut/Air       Unusable   N/A       N/A         7

Dungeon Overview and Level Annotations

Branches:
Dungeon (7/15)
 Temple: D:4-7

Altars:
Kikubaaqudgha
Zin

Shops:
D:4 =

Annotations:
D:4 Edmund


Innate Abilities, Weirdness & Mutations

You are immune to poison.
Your flesh is cold resistant. (rC+)
You are immune to negative energy. (rN+++)
You are immune to unholy pain and torment.
You are vulnerable to heat. (rF-)
You do not drink.


Message History

Throw: 2 darts (datura)
Press: ? - help, Q - select action, (/) - cycle Shift-Dir - straight line, f - gnoll, p - Edmund
Aim: a gnoll, wielding a +0 short sword (64% to hit, chance to frenzy on hit: 100%)
You throw a datura-tipped dart. The datura-tipped dart hits the gnoll.
The gnoll flies into a frenzy!
The gnoll misses you. Edmund barely misses you.
Unknown command.
Unknown command.
The gnoll hits Edmund but does no damage.
The gnoll hits the gnoll with a +0 spear.
The gnoll barely misses Edmund.
A gnoll comes into view. It is wielding a +0 flail.
The gnoll hits Edmund with a +0 short sword.
The gnoll hits the gnoll with a +0 short sword.
The gnoll hits the gnoll with a +0 short sword!
The gnoll dies!
The gnoll hits you with a +0 flail!
* * * LOW HITPOINT WARNING * * *
Okay, then.
Okay, then.
Okay, then.
You can't drink.
Unknown command.
Sorry, you're not good enough to have a special ability.
Unknown command.
Okay, then.
Okay, then.
You don't know any spells.
You hit the gnoll but do no damage.
You hear a shout!
Unknown command.
You hit the gnoll.
The gnoll is moderately wounded.
You hear a shout!
Edmund barely misses you. The gnoll barely misses you.
Unknown command.
You hit the gnoll but do no damage.
The gnoll is moderately wounded.
Edmund hits you with a +2 vorpal dire flail!
You die...

### #######.. #.....#)#
################.....#)#
......g@@g)([........'>#
......#####..........###
##### #..........#
#..........#
#..........#
#......##### #[(....#
#......# #####'##


You could see Edmund, a gnoll and a neutral gnoll (fast, strong, insane).

Vanquished Creatures
  A two-headed ogre (D:6)
  An ice beast (D:6)
  2 centaurs (D:6)
  A bullfrog (D:6)
  2 scorpions
  4 killer bees
  A centaur zombie (D:5)
  An orc priest (D:4)
  A hound (D:6)
  A jelly (D:5)
  A centaur skeleton (D:4)
  An iguana (D:6)
  A scorpion zombie (D:5)
  A killer bee zombie (D:5)
  A hound skeleton (D:4)
  2 adders
  An ufetubus (D:5)
  A dart slug (D:5)
  5 orcs
29 creatures vanquished.

Vanquished Creatures (collateral kills)
  A wyvern zombie (D:6)
  A gnoll (D:4)
2 creatures vanquished.

Vanquished Creatures (others)
  A centaur (D:6)
1 creature vanquished.

Grand Total: 32 creatures vanquished

Notes
Turn   | Place    | Note
-------+----------+-------------------------------------------
     0 | D:5      | comborobin the Mummy Delver began the quest for the Orb.
     0 | D:5      | Reached XP level 1. HP: 18/18 MP: 1/1
     5 | D:5      | Noticed a scorpion
    23 | D:6      | Noticed a centaur
   199 | D:4      | Found Sismoq's Jewellery Emporium.
   228 | D:5      | Reached skill level 1 in Staves
   228 | D:5      | Reached XP level 2. HP: 17/24 MP: 2/2
   228 | D:5      | Reached XP level 3. HP: 20/29 MP: 3/3
   344 | D:4      | Reached skill level 2 in Staves
   351 | D:4      | Reached XP level 4. HP: 21/35 MP: 4/4
   502 | D:4      | Noticed an ogre
   527 | D:5      | Reached skill level 3 in Staves
   724 | D:5      | Reached XP level 5. HP: 37/41 MP: 5/5
  1070 | D:5      | Reached skill level 4 in Staves
  1327 | D:6      | Killed a centaur
  1328 | D:6      | Reached XP level 6. HP: 47/48 MP: 6/6
  1354 | D:7      | Noticed a steam dragon
  1577 | D:6      | Noticed an ice beast
  1589 | D:6      | Killed an ice beast
  1590 | D:6      | Reached skill level 5 in Staves
  1813 | D:6      | Reached XP level 7. HP: 47/55 MP: 7/7
  1955 | D:6      | Found an ancient bone altar of Kikubaaqudgha.
  2445 | D:6      | Noticed a two-headed ogre
  2454 | D:6      | Killed a two-headed ogre
  2455 | D:6      | Reached skill level 7 in Staves
  2455 | D:6      | Reached XP level 8. HP: 64/64 MP: 8/8
  3048 | D:4      | Noticed Edmund
  3092 | D:4      | Mangled by Edmund

Illustrated notes

Levels and vault maps discovered:
D:4:      layout_basic, minmay_temple_entry_butterflies, serial_shops,
          nicolae_shop_waterfront, uniq_edmund
D:5:      layout_basic, mainiacjoe_overflow_paths
D:6:      layout_cave_pods, minitemple, serial_shops, shop, minmay_pentangle,
          uniq_crazy_yiuf_cottage
D:7:      layout_layer_cave, nemelex_xobeh_ov_fountains_minmay,
          makhleb_heckhound_becter, grunt_decor_mini_mirrors, uniq_maggie,
          uniq_pikel

Skill      XL: |  1  2  3  4  5  6  7 |
---------------+----------------------+-----
Staves         | 1 2 3 4 5 7 |  7.5
Fighting       | 4 6 |  6.2
Maces & Flails | |  1.7
Dodging        | |  1.7
Stealth        | |  4.1

Action                   |  1- 3 |  4- 6 |  7- 9 || total
-------------------------+-------+-------+-------++-------
Melee: Quarterstaff      |    17 |    81 |    73 ||   171
Throw: Dart              |       |       |     3 ||     3
Evoke: Wand              |     3 |       |     3 ||     6
  Use: Scroll            |     1 |     4 |     1 ||     6
 Stab: Sleeping          |       |     4 |     1 ||     5
Armor: Leather armour    |     5 |    10 |     9 ||    24
Dodge: Dodged            |    12 |    41 |    46 ||    99

Table legend: (Time is in decaauts)
 A = Elapsed time spent in this place.
 B = Non-inter-level travel time spent in this place.
 C = Inter-level travel time spent in this place.
 D = Time resting spent in this place.
 E = Time spent auto-exploring this place.
 F = Levels seen in this place.
 G = Mean time per level.
                   A        B        C        D        E       F      G
               +--------+--------+--------+--------+--------+-----+--------+
         Total |   3049 |   2999 |     50 |   1914 |    483 |   4 |  762.2 |
       Dungeon |   3049 |   2999 |     50 |   1914 |    483 |   4 |  762.2 |
               +--------+--------+--------+--------+--------+-----+--------+

Top non-repeatable levels by time:
     D:6: 1592 daAuts
     D:5: 931 daAuts
     D:4: 508 daAuts
     D:7: 16 daAuts
